 Dungeon Crawl Stone Soup version 0.28.0-45-g0d030f2227 (webtiles) character file.

Game seed: 2280120520710939879

273 DearestLeader the Grasshopper (level 6, -4/50 HPs)
             Began as a Gnoll Warper on Apr 7, 2022.
             Slain by an iguana (10 damage)
             ... on level 5 of the Dungeon.
             The game lasted 00:05:06 (5496 turns).

DearestLeader the Grasshopper (Gnoll Warper)        Turns: 5496, Time: 00:05:06

Health: -4/50      AC:  5    Str: 13    XL:     6   Next: 24%
Magic:  14/14      EV: 12    Int: 12    God:
Gold:   157        SH:  0    Dex: 11    Spells: 7/15 levels left

rFire   . . .      SeeInvis .   h - +1 whip (flame)
rCold   . . .      Faith    .   (no shield)
rNeg    . . .      Spirit   .   d - +0 ring mail
rPois   .          Reflect  .   (no helmet)
rElec   .          Harm     .   (no cloak)
rCorr   .          Rampage  .   (no gloves)
Will    .....                   (no boots)
Stlth   +.........              (no amulet)
HPRegen 0.16/turn               (no ring)
MPRegen 0.14/turn               (no ring)

@: about to teleport, attractive
A: fangs 1, strong nose, distributed training
a: no special abilities


You were on level 5 of the Dungeon.
You visited 2 branches of the dungeon, and saw 6 of its levels.

You collected 157 gold pieces.

Inventory:

Hand Weapons
 g - a +3 mace
 h - a +1 whip of flaming (weapon)
 i - a +0 war axe
Armour
 b - a +0 leather armour
 d - a +0 ring mail (worn)
Scrolls
 a - a scroll of immolation
 e - 2 scrolls of identify
 j - a scroll of magic mapping {unknown}
 k - a scroll of vulnerability {unknown}


   Skills:
 + Level 4.9 Fighting
 + Level 1.8 Short Blades
 + Level 1.8 Long Blades
 + Level 4.9 Axes
 + Level 1.8 Maces & Flails
 + Level 1.8 Polearms
 + Level 1.8 Staves
 + Level 1.8 Slings
 + Level 1.8 Bows
 + Level 1.8 Crossbows
 + Level 3.2 Throwing
 + Level 3.2 Armour
 + Level 4.9 Dodging
 + Level 1.8 Stealth
 + Level 1.8 Shields
 + Level 1.8 Unarmed Combat
 + Level 5.3 Spellcasting
 + Level 1.4 Conjurations
 + Level 1.4 Hexes
 + Level 1.4 Summonings
 + Level 1.4 Necromancy
 + Level 5.6 Translocations
 + Level 1.4 Transmutations
 + Level 1.4 Fire Magic
 + Level 1.4 Ice Magic
 + Level 1.4 Air Magic
 + Level 1.4 Earth Magic
 + Level 1.4 Poison Magic
 + Level 2.0 Invocations
 + Level 1.8 Evocations


You had 7 spell levels left.
You knew the following spells:

 Your Spells              Type           Power      Damage    Failure   Level
a - Blink                 Tloc           32%        N/A       6%          2
b - Gell's Gravitas       Tloc           16%        N/A       12%         3
c - Teleport Other        Tloc           16%        N/A       12%         3

Your spell library contained the following spells:

 Spells                   Type           Power      Damage    Failure   Level
 Lesser Beckoning         Tloc           16%        N/A       12%         3
 Dazzling Flash           Conj/Hex       12%        N/A       54%         3
 Manifold Assault         Tloc           16%        N/A       73%         5
 Agony                    Necr           6%         N/A       99%         5
 Silence                  Hex/Air        3%         N/A       99%         5


Dungeon Overview and Level Annotations

Branches:
Dungeon (5/15)             Temple (1/1) D:4

Altars:
Ashenzari
Cheibriados
Elyvilon
Gozag
Hepliaklqana
Kikubaaqudgha
Makhleb
Ru
Sif Muna
Uskayaw
Wu Jian
Yredelemnul
Zin

Shops:
D:1 *   D:2 ?   D:3 :


Innate Abilities, Weirdness & Mutations

You have very sharp teeth.
Your uncanny sense of smell can sniff out nearby items.
Your experience applies equally to all skills.


Message History

The water moccasin skeleton bites you.
You completely miss the water moccasin skeleton.
The water moccasin skeleton bites you.
You hit the iguana but do no damage. Your bite misses the iguana.
You barely miss the iguana. The iguana closely misses you.
You hit the iguana but do no damage. You bite the iguana, but do no damage.
The iguana closely misses you.
You hit the iguana. You burn the iguana.
The iguana is lightly wounded.
The iguana closely misses you.
You closely miss the iguana.
The iguana is lightly wounded.
The iguana bites you!
You hit the iguana but do no damage.
The iguana is lightly wounded.
The iguana bites you!
* * * LOW HITPOINT WARNING * * *
You barely miss the iguana.
The iguana is lightly wounded.
The iguana misses you.
It was a potion of attraction.
You feel attractive to monsters. The iguana bites you.
* * * LOW HITPOINT WARNING * * *
The water moccasin skeleton is attracted toward you.
Blink to where?
Press: ? - help, Dir - move target
As you read the scroll of blinking, it crumbles to dust.
The iguana is attracted toward you. The iguana is attracted toward you.
The water moccasin skeleton is attracted toward you.
As you read the scroll labelled ZEDGHE ERECWUJIQIR, it crumbles to dust.
It is a scroll of identify.
a - a scroll of immolation The iguana misses you.
The water moccasin skeleton is attracted toward you.
As you read the scroll labelled PAISUI BUSOFFI, it crumbles to dust.
You feel strangely unstable.
It was a scroll of teleportation.
The iguana bites you!
You die...

#....#.#.##.# #.# #.#####
##.###.#.##.# #.# #...... #.#
#.#.##.# #.# ####### #.# #......#
#.# # #.######...#####.# #
#.....##.........# ###
########.###..####### #..
........§....§############ #.#
#######.####.#Zl@........# ###.#
....Z.§...§..#.#########.# #....
..#####.######.########..# #.#.#
..#####.###....##........# #.#.#
..+........#####........>####.#.#
..#####.#### ##..........##.#.#
..# #.# #..####.##.##.#.# ..# #.#
##........#.##.#.# #... ###
#[...#......##.#.#


You could see an iguana and a water moccasin skeleton.

Vanquished Creatures
  A hound (D:2)
  An iguana (D:4)
  A hound skeleton (D:4)
  A howler monkey zombie (D:5)
  6 adders
  5 gnolls
  An ufetubus (D:4)
  3 worms (D:3)
  3 dart slugs
  4 orcs
  4 bats
  4 endoplasms
  2 giant cockroaches
  8 goblins
  4 hobgoblins
  8 jackals (D:1)
  4 kobolds
  6 quokkas
  3 ball pythons
  2 frilled lizards
  3 rats
74 creatures vanquished.

Notes
Turn   | Place    | Note
-------+----------+-------------------------------------------
     0 | D:1      | DearestLeader the Gnoll Warper began the quest for the Orb.
     0 | D:1      | Reached XP level 1. HP: 20/20 MP: 6/6
   199 | D:1      | Found Nestroga's General Store.
   380 | D:1      | Reached XP level 2. HP: 25/26 MP: 7/7
   687 | D:1      | Reached XP level 3. HP: 15/31 MP: 9/9
   862 | D:1      | Reached skill level 5 in Spellcasting
  1219 | D:1      | Reached skill level 1 in Invocations
  1958 | D:2      | Reached skill level 1 in Short Blades
  1958 | D:2      | Reached skill level 1 in Long Blades
  1958 | D:2      | Reached skill level 1 in Maces & Flails
  1958 | D:2      | Reached skill level 1 in Polearms
  1958 | D:2      | Reached skill level 1 in Staves
  1958 | D:2      | Reached skill level 1 in Slings
  1958 | D:2      | Reached skill level 1 in Bows
  1958 | D:2      | Reached skill level 1 in Crossbows
  1958 | D:2      | Reached skill level 1 in Stealth
  1958 | D:2      | Reached skill level 1 in Shields
  1958 | D:2      | Reached skill level 1 in Unarmed Combat
  1958 | D:2      | Reached skill level 1 in Evocations
  1958 | D:2      | Reached XP level 4. HP: 38/38 MP: 11/11
  2061 | D:2      | Found Ziloghiz's Magic Scroll Emporium.
  2185 | D:2      | Learned a level 2 spell: Blink
  2189 | D:2      | Learned a level 3 spell: Gell's Gravitas
  2193 | D:2      | Learned a level 3 spell: Teleport Other
  2281 | D:2      | Reached skill level 1 in Conjurations
  2281 | D:2      | Reached skill level 1 in Hexes
  2281 | D:2      | Reached skill level 1 in Summonings
  2281 | D:2      | Reached skill level 1 in Necromancy
  2281 | D:2      | Reached skill level 1 in Transmutations
  2281 | D:2      | Reached skill level 1 in Fire Magic
  2281 | D:2      | Reached skill level 1 in Ice Magic
  2281 | D:2      | Reached skill level 1 in Air Magic
  2281 | D:2      | Reached skill level 1 in Earth Magic
  2281 | D:2      | Reached skill level 1 in Poison Magic
  2398 | D:2      | Found a faded altar of an unknown god.
  2838 | D:3      | Found Etteub's Book Shoppe.
  2895 | D:3      | Reached XP level 5. HP: 40/43 MP: 12/12
  4406 | D:4      | Reached XP level 6. HP: 19/50 MP: 13/13
  4769 | D:4      | Found a staircase to the Ecumenical Temple.
  4860 | D:4      | Found an opulent altar of Gozag.
  4874 | Temple   | Entered the Ecumenical Temple
  5235 | D:5      | Entered Level 5 of the Dungeon
  5496 | D:5      | Slain by an iguana

Illustrated notes

Levels and vault maps discovered:
D:1:      lemuel_arrival_rhombus, layout_basic, serial_shops, nicolae_shop_trees
D:2:      layout_loops_ring, shapermc_ecumenical_altar_mp_highgroup,
          serial_shops, shop, kennysheep_cross_bottleneck
D:3:      layout_basic, serial_shops, nicolae_diamond_shop
D:4:      layout_rooms, nicolae_gozag_seed_capital, temple_doors_e
D:5:      layout_basic, goddamned_bats
Temple:   nicolae_temple_hex_pool

Skill      XL: |  1  2  3  4  5 |
---------------+----------------+-----
Spellcasting   | 5 |  5.3
Invocations    | 1 2 |  2.0
Short Blades   | 1 |  1.8
Long Blades    | 1 |  1.8
Maces & Flails | 1 |  1.8
Polearms       | 1 |  1.8
Staves         | 1 |  1.8
Slings         | 1 |  1.8
Bows           | 1 |  1.8
Crossbows      | 1 |  1.8
Stealth        | 1 |  1.8
Shields        | 1 |  1.8
Unarmed Combat | 1 |  1.8
Evocations     | 1 |  1.8
Conjurations   | 1 |  1.4
Hexes          | 1 |  1.4
Summonings     | 1 |  1.4
Necromancy     | 1 |  1.4
Transmutations | 1 |  1.4
Fire Magic     | 1 |  1.4
Ice Magic      | 1 |  1.4
Air Magic      | 1 |  1.4
Earth Magic    | 1 |  1.4
Poison Magic   | 1 |  1.4
Throwing       | 3 |  3.2
Armour         | 3 |  3.2
Fighting       | |  4.9
Axes           | |  4.9
Dodging        | |  4.9
Translocations | |  5.6

Action                   |  1- 3 |  4- 6 || total
-------------------------+-------+-------++-------
Melee: Hand axe          |    96 |       ||    96
       Bite              |     8 |    16 ||    24
       Mace              |     4 |     3 ||     7
       Punch             |     1 |     5 ||     6
       Whip              |       |   177 ||   177
Throw: Boomerang         |     5 |       ||     5
  Use: Scroll            |       |     3 ||     3
       Potion            |       |     1 ||     1
 Stab: Sleeping          |     2 |       ||     2
Armor: Leather armour    |    23 |       ||    23
       Ring mail         |     8 |    41 ||    49
Dodge: Dodged            |    78 |    94 ||   172
